 Dungeon Crawl Stone Soup version 0.29-a0-422-gafbd6decc1 (webtiles) character file.

Game seed: 3898557649430527930

34374 happo123 the Fighter (level 13, 0/130 HPs)
             Began as a Troll Transmuter on May 18, 2022.
             Was a High Priest of Dithmenos.
             Slain by a five-headed hydra (6 damage)
             ... on level 4 of the Lair of Beasts.
             The game lasted 01:09:02 (10972 turns).

happo123 the Fighter (Troll Transmuter)            Turns: 10972, Time: 01:09:03

Health: 0/130      AC:  8    Str: 25    XL:     13   Next: 41%
Magic:  0/31       EV: 15    Int: 13    God:    Dithmenos [*****.]
Gold:   1044       SH:  0    Dex: 10    Spells: 17/25 levels left

rFire   . . .      SeeInvis +   n - +11 trident of Righteous Fury {vorpal, *Rage MP+9 Str+4 SInv}
rCold   . . .      Faith    .   (no shield)
rNeg    . . .      Spirit   +   a - +0 robe
rPois   .          Reflect  .   (helmet currently unavailable)
rElec   .          Harm     .   (no cloak)
rCorr   .          Rampage  .   (gloves unavailable)
Will    .....      Rage     20% (boots unavailable)
Stlth   ++........              o - amulet of guardian spirit
HPRegen 1.11/turn               f - +4 ring of protection
MPRegen 0.22/turn               k - +4 ring of evasion

@: appendages, on berserk cooldown, hasted and slowed, wreathed by umbra
A: horns 2, talons 2, large, unfitting armour, claws 3, regeneration 1, shaggy
fur 1, tough skin 1
a: End Transformation, Renounce Religion, Shadow Step, Shadow Form


You were on level 4 of the Lair of Beasts.
You worshipped Dithmenos.
Dithmenos was extremely pleased with you.
You had temporarily grown beastly horns and talons.
You visited 3 branches of the dungeon, and saw 14 of its levels.
You also visited: Sewer and Ossuary.

You collected 1044 gold pieces.

Inventory:

Hand Weapons
 n - the +11 trident of Righteous Fury (weapon) {vorpal, *Rage MP+9 Str+4 SInv}
   (You found it on level 3 of the Dungeon)

   It inflicts extra damage upon your enemies.
   Str:       It affects your strength (+4).
   MP:        It affects your magic capacity (+9).
   SInv:      It lets you see invisible.
   *Rage:     It berserks you when you make melee attacks (+20% chance).
Missiles
 U - a throwing net
Armour
 a - a +0 robe (worn)
Jewellery
 f - a +4 ring of protection (left claw)
 h - a ring of magical power
 k - a +4 ring of evasion (right claw)
 o - an amulet of guardian spirit (around neck)
 x - a ring of protection from fire
 y - a +6 ring of dexterity
 F - a ring of resist corrosion
 H - a ring of protection from fire
 P - a ring of flight
 Q - a +6 ring of strength
Wands
 p - a wand of mindburst (7)
 t - a wand of digging (8)
 v - a wand of iceblast (8)
 O - a wand of flame (18)
 R - a wand of polymorph (5)
 T - a wand of acid (9)
Scrolls
 c - 5 scrolls of silence
 d - 3 scrolls of enchant armour
 e - 2 scrolls of amnesia {unknown}
 g - 3 scrolls of teleportation {unknown}
 i - 4 scrolls of magic mapping
 j - 3 scrolls of noise {unknown}
 q - a scroll of identify
 w - 2 scrolls of blinking
 z - 3 scrolls of fear
 J - a scroll of vulnerability {unknown}
 K - 2 scrolls of poison {unknown}
 L - 2 scrolls of acquirement {unknown}
 N - a scroll of enchant weapon {unknown}
 V - a scroll of immolation {unknown}
Potions
 b - 2 potions of lignification
 l - 3 potions of curing
 m - 6 potions of degeneration
 r - 2 potions of might {unknown}
 s - 4 potions of haste
 u - 3 potions of attraction
 A - 5 potions of brilliance
 B - 3 potions of magic {unknown}
 C - a potion of invisibility {unknown}
 D - 2 potions of experience {unknown}
 E - 2 potions of cancellation {unknown}
 G - 3 potions of mutation {unknown}
 I - 5 potions of heal wounds
 M - 2 potions of resistance
 S - 3 potions of flight {unknown}
 W - a potion of berserk rage
Miscellaneous
 X - a lightning rod (4/4)


   Skills:
 * Level 8.8 Fighting
 * Level 8.6 Polearms
 + Level 6.7 Dodging
 + Level 8.5 Unarmed Combat
 * Level 6.9 Spellcasting
 * Level 8.2 Transmutations


You had 17 spell levels left.
You knew the following spells:

 Your Spells              Type           Power      Damage    Failure   Level
a - Beastly Appendage     Tmut           52%        N/A       1%          1
b - Wereblood             Tmut           26%        N/A       1%          2
c - Spider Form           Tmut/Pois      15%        N/A       9%          3
d - Passwall              Tmut/Erth      12%        N/A       4%          2

Your spell library contained the following spells:

 Spells                   Type           Power      Damage    Failure   Level
 Ignite Poison            Fire/Tmut/Pois 11%        N/A       14%         3
 Sandblast                Erth           8%         2d5       16%         1
 Blink                    Tloc           8%         N/A       24%         2
 Ice Form                 Ice/Tmut       15%        N/A       28%         4
 Petrify                  Tmut/Erth      15%        N/A       28%         4
 Gell's Gravitas          Tloc           4%         N/A       43%         3
 Mephitic Cloud           Conj/Pois/Air  4%         N/A       43%         3
 Stone Arrow              Conj/Erth      8%         3d7       43%         3
 Animate Dead             Necr           2%         N/A       83%         4
 Borgnjor's Vile Clutch   Necr/Erth      2%         N/A       99%         5
 Freezing Cloud           Conj/Ice/Air   2%         6-21      99%         5
 Manifold Assault         Tloc           4%         N/A       99%         5
 Eringya's Noxious Bog    Tmut/Pois      7%         N/A       99%         6
 Death Channel            Necr           2%         N/A       100%        6
 Dispersal                Tloc           2%         N/A       100%        6
 Storm Form               Tmut/Air       7%         N/A       100%        7


Dungeon Overview and Level Annotations

Branches:
Dungeon (8/15)             Temple (1/1) D:4            Lair (5/6) D:8
 Shoals (0/4) Lair:2        Snake (0/4) Lair:3        Sewer (visited)
Ossuary (visited)
  Slime: Lair:5-6

Altars:
Ashenzari
Cheibriados
Dithmenos
Elyvilon
Hepliaklqana
Kikubaaqudgha
Makhleb
Qazlal
Ru
Sif Muna
Trog
Vehumet
Wu Jian
Xom
Zin
The Shining One

Shops:
D:1 :   D:3 !   D:8 (


Innate Abilities, Weirdness & Mutations

You have temporarily grown beastly horns and talons.
You are too large for most types of armour.
You have claws for hands.
Your natural rate of healing is unusually fast.
You are covered in fur. (AC +1)
You have tough skin. (AC +1)


Message History

The five-headed hydra is almost dead.
The five-headed hydra bites you.
* * * LOW HITPOINT WARNING * * *
The five-headed hydra bites you.
* * * LOW HITPOINT WARNING * * *
The five-headed hydra misses you.
The five-headed hydra bites you but does no damage.
The five-headed hydra bites you.
* * * LOW HITPOINT WARNING * * *
The five-headed hydra bites you.
* * * LOW HITPOINT WARNING * * *
The five-headed hydra bites you.
* * * LOW HITPOINT WARNING * * *
The five-headed hydra completely misses you.
The five-headed hydra closely misses you.
The five-headed hydra completely misses you.
You feel much better. The five-headed hydra bites you.
* * * LOW HITPOINT WARNING * * *
The five-headed hydra bites you!
* * * LOW HITPOINT WARNING * * *
The five-headed hydra misses you.
The five-headed hydra bites you but does no damage.
The five-headed hydra completely misses you.
You feel yourself speed up.
The five-headed hydra closely misses you.
The five-headed hydra misses you. The five-headed hydra bites you!
* * * LOW HITPOINT WARNING * * *
The five-headed hydra bites you but does no damage. x2
The five-headed hydra bites you!
* * * LOW HITPOINT WARNING * * *
The five-headed hydra bites you but does no damage.
The five-headed hydra bites you!
* * * LOW HITPOINT WARNING * * *
The five-headed hydra closely misses you. x2
You puncture the five-headed hydra!
You claw the five-headed hydra, but do no damage.
The five-headed hydra is almost dead.
The five-headed hydra barely misses you.
The five-headed hydra bites you!
You die...

####
≈≈≈≈##################
≈≈≈≈P.P.#≈≈'†.'@≈.≈≈P#
≈≈≈≈≈P.≈#≈≈#≈≈#D.≈≈P.#
≈≈≈≈≈≈P≈#'###.#≈.P≈≈≈#
P≈≈≈≈≈..≈≈≈#≈.#≈...P≈#
.≈≈≈≈≈≈...≈#..#..≈..≈#
..≈≈≈≈≈≈...#########.#
..P≈≈≈≈≈≈≈.P≈.≈≈.P )#
....≈≈≈≈≈≈.≈≈≈P... #
.....≈≈≈≈≈.≈≈≈≈≈≈≈


You could see a five-headed hydra.

Vanquished Creatures
  Kirke (Lair:4)
  Snorg (Lair:3)
  2 hydras
  A two-headed ogre (D:8)
  Urug (Lair:4)
  2 cyclopes (D:7)
  2 ugly things (D:7)
  11 elephants
  16 cane toads
  A rime drake (Lair:4)
  An unseen horror (D:7)
  10 komodo dragons
  A troll (D:7)
  Grinder (Sewer)
  4 blink frogs (Lair:1)
  A hornet (D:8)
  A dream sheep (Lair:1)
  A slime creature (D:7)
  A shadow (D:7)
  A wraith (D:7)
  4 wyverns
  49 yaks
  3 basilisks
  Grum (D:8)
  2 hogs (Lair:4)
  A steam dragon (Lair:3)
  12 water moccasins
  5 nagas (Lair:3)
  4 orc warriors
  A sky beast (D:7)
  4 black bears
  2 ice beasts (D:6)
  4 wolves (D:8)
  An ogre (D:7)
  6 centaurs
  2 phantoms
  4 kobold brigands
  6 elf zombies (Ossuary)
  2 scorpions
  8 bullfrogs
  3 necrophages
  7 wights
  An electric eel (Lair:1)
  A howler monkey (D:3)
  4 centaur zombies (Ossuary)
  2 human zombies (Ossuary)
  A jelly (D:6)
  A gnoll shaman (D:7)
  7 orc priests
  2 hounds (D:5)
  Jessica (D:2)
  Terence (D:2)
  An iguana (D:4)
  11 orc wizards
  3 mummies (Ossuary)
  14 gnolls
  7 adders
  2 river rats (D:6)
  2 shadow imps
  4 white imps
  6 ufetubi
  A worm (D:2)
  A dart slug (D:1)
  33 orcs
  6 ball pythons
  2 bat zombies (Sewer)
  12 endoplasms
  9 giant cockroaches
  7 goblins
  7 hobgoblins
  2 jackals (D:1)
  33 kobolds
  4 quokkas
  10 bats
  6 frilled lizards
  4 rats
399 creatures vanquished.

Vanquished Creatures (others)
  A human (Lair:4)
  A bullfrog (Lair:4)
  15 fungi
  20 plants
37 creatures vanquished.

Grand Total: 436 creatures vanquished

Notes
Turn   | Place    | Note
-------+----------+-------------------------------------------
     0 | D:1      | happo123 the Troll Transmuter began the quest for the Orb.
     0 | D:1      | Reached XP level 1. HP: 18/18 MP: 1/1
   139 | D:1      | Found Axuamogy's Book Shop.
   177 | D:1      | Reached XP level 2. HP: 26/26 MP: 2/2
   453 | D:1      | Found a faded altar of an unknown god.
   490 | D:1      | Reached XP level 3. HP: 32/32 MP: 4/4
   648 | D:2      | Found a sacrificial altar of Ru.
   801 | D:2      | Noticed Terence
   809 | D:2      | Killed Terence
   810 | D:2      | Reached skill level 1 in Fighting
   904 | D:2      | Reached XP level 4. HP: 41/41 MP: 5/5
   932 | D:2      | Learned a level 2 spell: Wereblood
   989 | D:2      | Noticed Jessica
   992 | D:2      | Killed Jessica
  1287 | D:3      | Reached XP level 5. HP: 48/48 MP: 6/6
  1337 | D:3      | Identified the +11 trident of Righteous Fury {vorpal, *Rage
                  | MP+9 Str+4 SInv}
  1427 | D:3      | Found Lupoih's Distillery.
  1879 | D:4      | Reached XP level 6. HP: 57/57 MP: 7/7
  1940 | D:4      | Found a shimmering blue altar of Sif Muna.
  2003 | D:4      | Found a staircase to the Ecumenical Temple.
  2025 | Temple   | Entered the Ecumenical Temple
  2090 | Temple   | Became a worshipper of Dithmenos the Shadowed
  2308 | D:4      | Reached skill level 1 in Polearms
  2787 | D:4      | Reached XP level 7. HP: 66/66 MP: 9/9
  2928 | D:5      | Entered Level 5 of the Dungeon
  3245 | D:5      | Reached skill level 5 in Unarmed Combat
  3245 | D:5      | Reached XP level 8. HP: 75/75 MP: 11/11
  3574 | D:6      | Reached * piety under Dithmenos
  3583 | D:6      | Found a glowing drain.
  3608 | Sewer    | Entered a sewer
  3701 | Sewer    | Found an ancient bone altar of Kikubaaqudgha.
  3844 | Sewer    | Noticed Grinder
  3852 | Sewer    | Killed Grinder
  4167 | D:6      | Reached ** piety under Dithmenos
  4229 | D:6      | Reached XP level 9. HP: 84/84 MP: 13/13
  4259 | D:6      | Identified the +0 flail "Omelette" {pain, Str+4}
  4593 | D:7      | Found a snail-covered altar of Cheibriados.
  4611 | D:7      | Found a sand-covered staircase.
  4621 | Ossuary  | Entered an ossuary
  4903 | D:7      | Noticed a six-headed hydra
  4911 | D:7      | Killed a six-headed hydra
  4912 | D:7      | Reached skill level 5 in Fighting
  4912 | D:7      | Reached skill level 5 in Transmutations
  4912 | D:7      | Reached XP level 10. HP: 30/96 MP: 6/15
  4919 | D:7      | Reached *** piety under Dithmenos
  4925 | D:7      | HP: 4/96 [orc warrior/+0 scimitar (7)]
  4949 | D:7      | Noticed a cyclops
  5082 | D:7      | Killed a cyclops
  5083 | D:7      | Reached skill level 5 in Polearms
  5117 | D:7      | Got the Volume of the Shifting Voyage
  5125 | D:7      | Learned a level 3 spell: Spider Form
  5158 | D:7      | Noticed a green ugly thing
  5158 | D:7      | Noticed a white ugly thing
  5173 | D:7      | Killed a green ugly thing
  5178 | D:7      | Killed a green ugly thing
  5188 | D:7      | Identified the +8 scimitar of Beogh's Delight {flame, Str+4
                  | Int-5 Dex+6 SInv}
  5426 | D:7      | Noticed a cyclops
  5430 | D:7      | Killed a cyclops
  5931 | D:7      | Reached skill level 5 in Dodging
  6054 | D:8      | Noticed a two-headed ogre
  6062 | D:8      | Reached XP level 11. HP: 104/105 MP: 17/17
  6065 | D:8      | Reached skill level 5 in Spellcasting
  6070 | D:8      | Killed a two-headed ogre
  6070 | D:8      | Reached **** piety under Dithmenos
  6124 | D:8      | Found Ogeolyn's Weapon Shoppe.
  6186 | D:8      | Found a staircase to the Lair.
  6375 | D:8      | Noticed Grum
  6407 | D:8      | Killed Grum
  6881 | Lair:1   | Entered Level 1 of the Lair of Beasts
  7195 | Lair:1   | Reached ***** piety under Dithmenos
  7264 | Lair:1   | Reached XP level 12. HP: 118/118 MP: 19/19
  8147 | Lair:2   | Found a staircase to the Shoals.
  9061 | Lair:3   | Found a staircase to the Snake Pit.
  9104 | Lair:3   | Noticed Snorg
  9115 | Lair:3   | Killed Snorg
 10171 | Lair:4   | Learned a level 2 spell: Passwall
 10220 | Lair:4   | Noticed Kirke
 10230 | Lair:4   | Noticed a sphinx
 10237 | Lair:4   | Reached XP level 13. HP: 89/128 MP: 13/21
 10246 | Lair:4   | Killed Kirke
 10660 | Lair:4   | You fall into a shaft and drop 1 floor!
 10696 | Lair:4   | Noticed Urug
 10710 | Lair:4   | Killed Urug
 10971 | Lair:4   | HP: 5/130 [five-headed hydra (11)]
 10972 | Lair:4   | Slain by a five-headed hydra

Illustrated notes

Levels and vault maps discovered:
D:1:      dpeg_arrival_rooms_c, layout_loops_cross,
          ebering_ecumenical_altar_box, serial_shops, shop
D:2:      layout_loops_ring, basic_altar, uniq_jessica, uniq_terence
D:3:      minmay_angry_zag, layout_basic, serial_shops, shop
D:4:      layout_basic, mainiacjoe_overflow_concentric_impassable,
          minmay_temple_entry_gardened_gates, minmay_misc_feat_iff,
          grunt_decor_clamped, lemuel_another_geyser
D:5:      layout_basic, chequers_serial_rivers_micro_d
D:6:      layout_rooms, serial_glass, glass_columns_b, glass_columns_b,
          item_on_display_a, feat_on_display, due_unseen_surprise,
          portal_sewer_entry_c
D:7:      minmay_the_grid_octo_2x2 [minmay_the_grid_octo_teeth,
          minmay_the_grid_octo_checkered, minmay_the_grid_octo_chip,
          minmay_the_grid_octo_prize_star], layout_basic, lemuel_tele_altar,
          nicolae_ossuary_entry_ruins
D:8:      layout_gridville, david_lair_generic, serial_shops,
          nicolae_shop_advertising_works [nicolae_subvault_shop_adworks],
          chequers_avenue, uniq_grum
Temple:   nicolae_temple_great_sept
Lair:1:   layout_gridlike, wad_woods_river_01
Lair:2:   layout_cave_pods, elwin_shoals_entry_rocks
Lair:3:   layout_cave_pods, minmay_snake_entry_guardpost_large,
          beast_lair_carwin_6, uniq_snorg
Lair:4:   cheibrodos_lair_river_kwai, layout_gridlike, beast_lair_carwin_10,
          uniq_kirke, uniq_urug
Lair:5:   layout_roguey, basic_altar, lemuel_oklob_altar

Skill      XL: |  1  2  3  4  5  6  7  8  9 10 11 12 13 |
---------------+----------------------------------------+-----
Dodging        | 2 3 4 5 6 |  6.7
Fighting       | 1 2 3 4 5 6 7 8 |  8.8
Unarmed Combat | 4 5 6 7 8 |  8.5
Transmutations | 2 3 4 5 6 7 8 |  8.2
Spellcasting   | 2 3 4 5 6 |  6.9
Polearms       | 1 2 3 4 5 7 8 |  8.6

Action                   |  1- 3 |  4- 6 |  7- 9 | 10-12 | 13-15 || total
-------------------------+-------+-------+-------+-------+-------++-------
Melee: Unarmed           |    81 |    31 |       |    11 |     9 ||   132
       Punch             |     3 |     4 |     9 |    14 |     5 ||    35
       Kick              |     2 |     2 |     8 |    80 |     8 ||   100
       Headbutt          |     3 |       |     5 |    55 |     6 ||    69
       Trident           |       |    82 |   254 |   456 |    95 ||   887
 Cast: Beastly Appendage |     3 |     2 |     4 |    19 |     4 ||    32
       Wereblood         |       |     1 |     7 |    18 |     3 ||    29
       Spider Form       |       |       |       |     1 |       ||     1
Evoke: Wand              |       |       |     1 |       |       ||     1
  Use: Scroll            |       |       |     6 |     7 |       ||    13
       Potion            |       |       |       |     1 |     4 ||     5
 Stab: Sleeping          |       |     1 |       |     1 |       ||     2
Armor: Robe              |    26 |    46 |   118 |   125 |    11 ||   326
       Skin              |       |       |       |     2 |    49 ||    51
Dodge: Dodged            |    39 |   114 |   336 |   442 |    77 ||  1008

Table legend: (Time is in decaauts)
 A = Elapsed time spent in this place.
 B = Non-inter-level travel time spent in this place.
 C = Inter-level travel time spent in this place.
 D = Time resting spent in this place.
 E = Time spent auto-exploring this place.
 F = Levels seen in this place.
 G = Mean time per level.
                   A        B        C        D        E       F      G
               +--------+--------+--------+--------+--------+-----+--------+
         Total |  11612 |   9761 |   1851 |    356 |   6774 |  16 |  725.8 |
       Dungeon |   6636 |   5726 |    910 |    116 |   4182 |   8 |  829.5 |
        Temple |     74 |      5 |     69 |      0 |      1 |   1 |   74.0 |
          Lair |   4301 |   3430 |    871 |    240 |   2379 |   5 |  860.2 |
         Sewer |    397 |    397 |      0 |      0 |    211 |   1 |  397.0 |
       Ossuary |    203 |    203 |      0 |      0 |      0 |   1 |  203.0 |
               +--------+--------+--------+--------+--------+-----+--------+

Top non-repeatable levels by time:
     D:7: 1479 daAuts
  Lair:1: 1248 daAuts
     D:4: 1193 daAuts
  Lair:3: 1117 daAuts
  Lair:4: 999 daAuts
  Lair:2: 900 daAuts
     D:8: 892 daAuts
     D:6: 663 daAuts
     D:2: 635 daAuts
     D:1: 607 daAuts
     D:5: 601 daAuts
     D:3: 562 daAuts
   Sewer: 397 daAuts
 Ossuary: 203 daAuts
  Temple: 74 daAuts
